 Dungeon Crawl Stone Soup version 0.20-a0-1122-gb7cbeb9 (webtiles) character file.

9 mopl the Digger (level 2, 0/11 HPs)
             Began as a Felid Earth Elementalist on May 13, 2017.
             Slain by a hobgoblin
             ... wielding a +0 club
              (4 damage)
             ... on level 1 of the Dungeon.
             The game lasted 00:01:05 (354 turns).

mopl the Digger (Felid Earth Elementalist)           Turns: 354, Time: 00:01:06

Health: 0/11       AC:  1    Str:  4    XL:     2   Next: 6%
Magic:  6/6        EV: 18    Int: 16    God:
Gold:   0          SH:  0    Dex: 16    Spells: 4/5 levels left
                                        Lives:  0   Deaths: 0

rFire    . . .     SeeInvis +   (weapon unavailable)
rCold    . . .     Gourm    .   (shield unavailable)
rNeg     . . .     Faith    .   (armour unavailable)
rPois    .         Spirit   .   (helmet unavailable)
rElec    .         Reflect  .   (cloak unavailable)
rCorr    .         Harm     .   (gloves unavailable)
MR       .....                  (boots unavailable)
Stlth    +++.......             (no amulet)
Regen    0.1/turn               (no ring)
MPRegen  0.1/turn               (no ring)

@: quick
A: no armour, no weapons or thrown items, stealth, claws 1, fangs 3, see
invisible, carnivore 3, speed 1, shaggy fur 1, slow metabolism 1, sharp paws
a: no special abilities


You were on level 1 of the Dungeon.
You were very full.

You visited 1 branch of the dungeon, and saw 1 of its levels.

Inventory:

Missiles
 b - 30 stones
Scrolls
 a - a scroll of teleportation {unknown}
Books
 d - a book of Geomancy

   Spells                             Type                      Level
   a - Sandblast                      Earth                        1
   b - Passwall                       Transmutation/Earth          2
   c - Stone Arrow                    Conjuration/Earth            3
   d - Petrify                        Transmutation/Earth          4
   e - Lee's Rapid Deconstruction     Earth                        5
Comestibles
 c - a meat ration


   Skills:
 - Level 2.6 Dodging
 + Level 2.6 Stealth
 + Level 0.6 Unarmed Combat
 + Level 2.2 Spellcasting
   Level 1.1 Transmutations
 * Level 2.9 Earth Magic


You had 4 spell levels left.
You knew the following spells:

 Your Spells              Type           Power        Failure   Level  Hunger
a - Sandblast             Erth           ##....       6%          1    #......


Dungeon Overview and Level Annotations

Branches:
Dungeon (1/15)

Altars:


Innate Abilities, Weirdness & Mutations

You cannot wear armour.
You are incapable of wielding weapons or throwing items.
Your paws allow you to move quietly. (Stealth)
You have sharp claws.
You have razor-sharp teeth.
You have supernaturally acute eyesight. (SInv)
You are carnivorous and can eat meat at any time.
You cover ground quickly.
You are covered in fur. (AC +1)
You have a slow metabolism.
Your sharp claws are effective at attacking unaware monsters.


Message History

You barely miss the hobgoblin. The bat hits you but does no damage.
The hobgoblin hits you but does no damage.
You scratch the hobgoblin but do no damage.
The bat hits you but does no damage.
You scratch the hobgoblin but do no damage.
The bat hits you but does no damage. The bat closely misses you.
The hobgoblin closely misses you. The bat completely misses you.
The hobgoblin hits you with a club. The hobgoblin completely misses you.
The bat misses you. The bat hits you but does no damage.
The bat closely misses you.
You scratch the bat. You bite the bat.
You kill the bat!
The hobgoblin misses you.
You scratch the hobgoblin but do no damage.
You bite the hobgoblin.
The hobgoblin is moderately wounded.
The hobgoblin hits you with a club.
You die...

.................#######..#.
###..........................
##..........................
#.......########.#####.#....
#.......# #...........#.
+.......# #...........#.
#.......# #..##.........
#######.###########..##.##)#..##
...............@g...............
#######.#.#########..##.##......
#.#.# #..##.##....## #.#.######
#..##.##....# #..........
......##....#
#.#...............##....#
####.#.##########....##.....
#..........# #....# ......
#....#.###.#


You could see a hobgoblin.

Vanquished Creatures
  A goblin (D:1)
  2 hobgoblins (D:1)
  2 bats (D:1)
  A frilled lizard (D:1)
  3 kobolds (D:1)
9 creatures vanquished.

Notes
Turn   | Place    | Note
-------+----------+-------------------------------------------
     0 | D:1      | mopl the Felid Earth Elementalist began the quest for the Orb.
     0 | D:1      | Reached XP level 1. HP: 7/7 MP: 4/4
   329 | D:1      | Reached XP level 2. HP: 11/11 MP: 6/6
   354 | D:1      | Slain by a hobgoblin

Vault maps used:
D:1:      wheals_arrival_shading, minmay_misc_feat_square

Action                   || total
-------------------------++-------
Melee: Unarmed           ||    34
       Bite              ||     5
 Stab: Sleeping          ||     2
  Eat: Chunk             ||     4
Armor: Skin              ||     9
Dodge: Dodged            ||    33
